 Dungeon Crawl Stone Soup version 0.17.0-15-g6d90897 (webtiles) character file.

135676 dysrexia the Brawler (level 16, 0/167 HPs)
             Began as a Troll Earth Elementalist on Nov 11, 2015.
             Was the Champion of Ashenzari.
             Slain by a black mamba (13 damage)
             ... on level 1 of the Snake Pit.
             The game lasted 02:23:36 (30307 turns).

dysrexia the Brawler (Troll Earth Elementalist)    Turns: 30307, Time: 02:23:36

Health: 0/167      AC: 21    Str: 22    XL:     16   Next: 65%
Magic:  19/19      EV: 18    Int: 13    God:    Ashenzari [******]
Gold:   1831       SH:  0    Dex: 17    Spells: 3 memorised, 3 levels left

rFire  + + .     SeeInvis +       - Unarmed
rCold  . . .     Clarity  +     L - +3 fire dragon armour
rNeg   . . .     SustAt   .     (no shield)
rPois  .         Gourm    +     r - +2 hat (curse)
rElec  .         Spirit   .     X - +2 cloak of Weightlessness {Int+2 Dex+2}
rCorr  .         Warding  .     (gloves unavailable)
rMut   .         Stasis   .     (boots unavailable)
MR     +....                    m - amulet of clarity (curse)
Stlth  ..........               q - +5 ring of evasion (curse)
                                T - ring of protection from cold (curse)

@: lethally poisoned (0 -> 0), somewhat resistant to hostile enchantments,
extremely unstealthy
A: unfitting armour, claws 3, horns 2, fast metabolism 3, gourmand, regeneration
2, shaggy fur 1, strong 1, tough skin 2
a: Scrying, Transfer Knowledge, Renounce Religion


You were on level 1 of the Snake Pit.
You worshipped Ashenzari.
Ashenzari was exalted by your worship.
You were very full.

You visited 5 branches of the dungeon, and saw 30 of its levels.
You also visited: Labyrinth, Sewer and Ice Cave.

You collected 3215 gold pieces.
You spent 1384 gold pieces at shops.

Inventory:

Hand Weapons
 c - a +9 giant spiked club of freezing
Missiles
 a - 318 stones
 n - 63 poisoned needles
 w - 12 large rocks
 F - 3 throwing nets (quivered)
Armour
 r - a cursed +2 hat (worn)
 L - a +3 fire dragon armour (worn)
 X - the +2 cloak of Weightlessness (worn) {Int+2 Dex+2}
   (You found it on level 13 of the Dungeon)

   It affects your intelligence (+2).
   It affects your dexterity (+2).
Rods
 z - a +0 rod of the swarm (11/11)
   (You took it off a hill giant on level 13 of the Dungeon)
Jewellery
 m - a cursed amulet of clarity (around neck)
 q - a cursed +5 ring of evasion (right claw)
 x - the ring "Inyx" {rN+ MR+ MP+9}
   (You bought it in a shop on level 4 of the Orcish Mines)

   [ring of protection from magic]

   It protects you from negative energy.
   It affects your resistance to hostile enchantments.
   It affects your magic capacity (+9).
 G - an uncursed ring of poison resistance
 I - an uncursed ring of invisibility
 T - a cursed ring of protection from cold (left claw)
Wands
 y - a wand of digging (7)
 C - a wand of cold (4)
 W - a wand of fireball (4)
 Y - a wand of disintegration (5)
Scrolls
 f - 4 scrolls of blinking
 l - 4 scrolls of magic mapping
 o - 4 scrolls of fear
 t - 3 scrolls of teleportation
 O - a scroll of summoning
 P - 4 scrolls of identify
 V - 2 scrolls of recharging
 Z - a scroll of fog
Potions
 b - a potion of invisibility
 e - 6 potions of heal wounds
 h - 3 potions of agility
 k - 2 potions of magic
 s - 2 potions of might
 u - 2 potions of lignification
 A - 17 potions of curing
 E - 4 potions of cancellation
 H - a potion of berserk rage
 K - 5 potions of flight
 U - a potion of haste
Miscellaneous
 v - a fan of gales
 R - a lamp of fire
Comestibles
 d - 12 bread rations
 j - 14 meat rations
 B - a royal jelly


   Skills:
 - Level 12.4 Fighting
 - Level 5.9 Throwing
 - Level 5.4 Armour
 - Level 9.2 Dodging
 - Level 1.1 Stealth
 * Level 18.5 Unarmed Combat
 - Level 1.2 Spellcasting
 + Level 4.5(8.8) Transmutations
 + Level 7.2(11.7) Earth Magic
 - Level 5.6(10.1) Evocations


You had 3 spell levels left.
You knew the following spells:

 Your Spells              Type           Power        Failure   Level  Hunger
a - Haste                 Chrm           #.......     100%        6    #######
b - Stoneskin             Trmt/Erth      ####....     1%          2    ###....
c - Statue Form           Trmt/Erth      ####.....    99%         6    #######


Dungeon Overview and Level Annotations

Branches:
Dungeon (15/15)            Temple (1/1) D:5            Lair (8/8) D:11
 Shoals (0/4) Lair:3        Snake (2/4) Lair:3        Slime (0/6) Lair:6
    Orc (4/4) D:12            Elf (0/3) Orc:4        Vaults (0/5) D:13
 Depths (0/5) D:15

Altars:
Ashenzari
Cheibriados
Dithmenos
Elyvilon
Fedhas
Gozag
Kikubaaqudgha
Makhleb
Nemelex Xobeh
Okawaru
Qazlal
Ru
Sif Muna
Trog
Vehumet
Xom
Yredelemnul
Zin
The Shining One
Beogh

Shops:
D:8 !   D:15 [   Orc:4 !*:

Portals:
Hell: Lair:8

Annotations:
D:5 Turgon's ghost, amateur OpGl
D:8 Maurice


Innate Abilities, Weirdness & Mutations

You are too large for most types of armour.
You have claws for hands.
Your metabolism is lightning-fast.
You like to eat raw meat.
You heal very quickly.
You are covered in fur (AC +1).
You have very tough skin (AC +2).
You have a pair of horns on your head.
Your muscles are strong. (Str +2)


Message History

The bolt of electricity hits you!
* * * LOW HITPOINT WARNING * * *
The naga warrior hits you from afar with a trident!
* * * LOW HITPOINT WARNING * * *
The black mamba misses you.
You climb upwards.
You feel sick.
There is a stone staircase leading down here.
You claw the black mamba! You headbutt the black mamba!
The black mamba is heavily wounded.
The black mamba barely misses you.
You closely miss the black mamba. Your headbutt misses the black mamba.
The black mamba is heavily wounded.
You feel sick.
The black mamba bites you but does no damage.
The black mamba bites you.
* * * LOW HITPOINT WARNING * * *
You miss the black mamba.
The black mamba is heavily wounded.
The black mamba bites you!
You die...

....#.#####.....#.........#
...#.##...##.#..# #....#..##
....#....#.#..#.###........##
..........[...####...##.....##
.#....##......# ##..#####....##
########..##..# #...#....#....#
### ####..#...###.?.#.#.......#
..###?.#..#....S#...#.#.......##
.......#........@.###.#..#.....##
.###.......#..........#...#.....#
.##....[#.....#.!....##..........
#.....>....#.....#...##..........
...#.....##...(.....##.........##
#..###.....###.#...###..#.......#
..## #..##..##.##.#..#..##.....#.
..####....##..#.#).S...###....##.
......#..#....##.....####....##.#


You could see 2 black mambas.

Vanquished Creatures
  Rupert (Lair:3)
  Gastronok (D:9)
  Roxanne (D:14)
  Maud (D:12)
  An orc warlord (Orc:4)
  A frost giant (IceCv)
  Nessos (Lair:7)
  2 dire elephants (Lair:8)
  Snorg (D:12)
  2 fire dragons
  Erolcha (D:12)
  Josephine (D:13)
  A minotaur (Lab)
  8 vault guards (D:13)
  An ogre mage (Orc:4)
  4 naga warriors
  An ice dragon (D:15)
  7 anacondas
  6 hydras
  4 centaur warriors
  6 death yaks
  5 orc high priests (Orc:4)
  A sun demon (Lair:8)
  Sonja (Orc:3)
  Nergalle (Lair:2)
  An unseen horror (D:13)
  A deep elf knight (Orc:4)
  A swamp dragon (Lair:7)
  A naga ritualist (Snake:1)
  2 wizards
  A lindwurm (Lair:4)
  3 hill giants
  A wolf spider (D:13)
  3 griffons
  An orc sorcerer (Orc:3)
  5 orc knights
  A sixfirhy (Lair:8)
  21 ugly things
  4 cyclopes
  16 elephants
  An oklob plant (D:13)
  A smoke demon (Lair:8)
  17 black mambas
  2 sirens (Lair:3)
  An ice statue (IceCv)
  5 orange demons (Lair:8)
  A kobold demonologist (D:14)
  10 spiny frogs
  An efreet (D:14)
  13 komodo dragons
  3 blue devils (Lair:8)
  2 red devils (Lair:8)
  9 trolls
  2 fire drakes
  2 merfolk (Lair:3)
  18 polar bears
  3 two-headed ogres
  2 tengu conjurers (D:13)
  A boulder beetle (shapeshifter) (D:14)
  12 blink frogs
  2 shadows
  6 slime creatures
  A spriggan (shapeshifter) (D:14)
  Sigmund (D:2)
  48 yaks
  6 basilisks
  8 wraiths
  A tarantella (shapeshifter) (D:15)
  4 vampire mosquitoes
  3 wyverns
  2 deep elf magi
  15 wolves
  A mottled dragon (D:14)
  8 nagas
  4 wargs
  8 hippogriffs
  2 swamp worms (Lair:7)
  11 porcupines
  16 water moccasins
  7 sky beasts
  Purgy (D:3)
  4 ice beasts
  A swamp drake (Lair:7)
  3 phantoms
  A necrophage (D:9)
  7 centaurs
  19 ogres
  2 black bears
  A wasp (D:10)
  38 orc warriors
  6 big kobolds
  11 crocodiles
  4 gnoll sergeants (D:12)
  A wyvern zombie (D:9)
  30 giant frogs
  6 scorpions
  14 killer bees
  13 jellies
  The ghost of Turgon the Poker, a weakling OpGl (D:4)
  6 crimson imps
  2 giant frog zombies (D:12)
  12 wights
  4 hounds
  41 orc priests
  5 electric eels
  A quasit (D:11)
  Crazy Yiuf (D:3)
  2 centaur skeletons
  4 centaur zombies
  3 giant frog skeletons
  8 iguanas
  33 orc wizards
  14 worker ants
  Natasha (thrice) (D:3)
  30 sheep
  A hound zombie (D:4)
  12 gnolls
  65 river rats
  A worker ant zombie (D:9)
  24 adders
  3 shadow imps
  27 oozes
  2 adder zombies (D:4)
  2 adder skeletons (D:4)
  5 worms
  11 giant geckos
  214 orcs
  14 ball pythons
  18 giant cockroaches
  4 goblins
  4 hobgoblins
  12 jackals
  2 quokkas
  7 bats
  2 giant gecko zombies (D:4)
  17 giant newts
  A jackal zombie (D:6)
  11 kobolds
  15 rats
  A plant (D:9)
1189 creatures vanquished.

Vanquished Creatures (collateral kills)
  A hydra (Lair:2)
1 creature vanquished.

Vanquished Creatures (others)
  A centaur skeleton (D:14)
  An orc warrior (D:14)
  An orc wizard (D:14)
  A sheep (Lair:6)
  3 bushes
  40 fungi
  8 plants
55 creatures vanquished.

Grand Total: 1245 creatures vanquished

Notes
Turn   | Place    | Note
--------------------------------------------------------------
     0 | D:1      | dysrexia the Troll Earth Elementalist began the quest for the Orb.
     0 | D:1      | Reached XP level 1. HP: 16/16 MP: 1/1
   141 | D:1      | Reached skill level 1 in Unarmed Combat
   204 | D:1      | Reached XP level 2. HP: 24/24 MP: 2/2
   244 | D:1      | Reached skill level 3 in Earth Magic
   248 | D:1      | Learned a level 2 spell: Stoneskin
   662 | D:1      | Reached skill level 1 in Transmutations
   662 | D:1      | Reached XP level 3. HP: 23/31 MP: 3/3
   830 | D:2      | You fall through a shaft for 2 floors!
   854 | D:4      | Reached XP level 4. HP: 13/39 MP: 4/4
   919 | D:3      | Noticed Sigmund
  1078 | D:2      | Killed Sigmund
  1078 | D:2      | Reached skill level 4 in Unarmed Combat
  1078 | D:2      | Reached XP level 5. HP: 31/45 MP: 5/5
  1274 | D:2      | Found a glowing silver altar of Zin.
  1274 | D:2      | Found a sacrificial altar of Ru.
  1274 | D:2      | Found an opulent altar of Gozag.
  1280 | D:2      | Reached XP level 6. HP: 53/53 MP: 6/6
  1522 | D:3      | Noticed Natasha
  1525 | D:3      | Killed Natasha
  1618 | D:3      | Noticed Natasha
  1626 | D:3      | Killed Natasha
  1634 | D:3      | Noticed Purgy
  1668 | D:3      | Killed Purgy
  1731 | D:3      | Noticed a phantom
  1762 | D:3      | Killed a phantom
  1762 | D:3      | Reached skill level 5 in Unarmed Combat
  1861 | D:3      | Reached XP level 7. HP: 59/59 MP: 7/7
  1884 | D:3      | Noticed Natasha
  1912 | D:3      | Killed Natasha
  1962 | D:3      | Noticed Crazy Yiuf
  1967 | D:3      | Killed Crazy Yiuf
  2034 | D:4      | Noticed a phantom
  2050 | D:4      | Noticed Turgon's ghost (weakling OpGl)
  2123 | D:4      | Killed Turgon's ghost
  2364 | D:4      | Noticed an ogre
  2391 | D:4      | Killed an ogre
  2487 | D:4      | Killed a phantom
  2487 | D:4      | Reached skill level 6 in Unarmed Combat
  2673 | D:4      | Reached XP level 8. HP: 48/67 MP: 8/8
  2880 | D:4      | Reached skill level 5 in Earth Magic
  3225 | D:5      | Entered Level 5 of the Dungeon
  3236 | D:5      | Found a glowing drain.
  3315 | Sewer    | Entered a sewer
  3401 | Sewer    | Reached skill level 7 in Unarmed Combat
  4006 | D:5      | Found a staircase to the Ecumenical Temple.
  4233 | D:5      | Found a snail-covered altar of Cheibriados.
  4489 | D:5      | Reached skill level 8 in Unarmed Combat
  4545 | D:5      | Noticed Turgon's ghost (amateur OpGl)
  4550 | D:5      | Gained mutation: You have a pair of small horns on your head. [mutagenic meat]
  4552 | D:5      | Gained mutation: Your muscles are strong. (Str +2) [mutagenic meat]
  4553 | D:5      | Gained mutation: You have a pair of horns on your head. [mutagenic meat]
  4558 | Temple   | Entered the Ecumenical Temple
  4853 | Temple   | Became a worshipper of Ashenzari the Shackled
  5133 | D:6      | Found a blossoming altar of Fedhas.
  5239 | D:6      | Found an iron altar of Okawaru.
  5272 | D:6      | Reached XP level 9. HP: 57/74 MP: 9/9
  5356 | D:6      | Found a white marble altar of Elyvilon.
  5741 | D:7      | Reached skill level 9 in Unarmed Combat
  6066 | D:7      | Found a stormy altar of Qazlal.
  6372 | D:8      | Reached * piety under Ashenzari
  6522 | D:8      | Reached skill level 5 in Dodging
  6522 | D:8      | Reached skill level 10 in Unarmed Combat
  6612 | D:8      | Reached skill level 1 in Fighting
  6673 | D:8      | Found Ynimom's Distillery.
  6677 | D:8      | Bought a potion of heal wounds for 75 gold pieces
  6677 | D:8      | Bought a potion of curing for 45 gold pieces
  6677 | D:8      | Bought a potion of might for 60 gold pieces
  6807 | D:8      | Noticed Maurice
  6885 | D:8      | Reached XP level 10. HP: 48/89 MP: 10/10
  7441 | D:9      | Reached skill level 5 in Fighting
  7718 | D:9      | Noticed Gastronok
  7754 | D:9      | Killed Gastronok
  7754 | D:9      | Reached XP level 11. HP: 56/106 MP: 11/11
  7989 | D:10     | Entered Level 10 of the Dungeon
  8466 | D:10     | Reached ** piety under Ashenzari
  9398 | D:11     | Found a staircase to the Lair.
  9850 | Lair:1   | Entered Level 1 of the Lair of Beasts
 10124 | Lair:1   | Reached *** piety under Ashenzari
 10310 | Lair:1   | Noticed a seven-headed hydra
 10935 | Lair:2   | Noticed a four-headed hydra
 11270 | Lair:2   | Found a labyrinth entrance.
 11279 | Lab      | Entered a labyrinth
 12289 | Lab      | Noticed a minotaur
 12474 | Lab      | Killed a minotaur
 12482 | Lab      | Identified the Handbook of Enhancements
 12506 | Lair:2   | Killed a four-headed hydra
 12506 | Lair:2   | Reached XP level 12. HP: 75/125 MP: 12/12
 12593 | Lair:2   | Reached skill level 10 in Fighting
 12704 | Lair:2   | Noticed Nergalle
 12746 | Lair:2   | Killed Nergalle
 13091 | Lair:2   | Noticed a death yak
 13124 | Lair:2   | Killed a death yak
 13246 | Lair:2   | Noticed a death yak
 13248 | Lair:2   | Noticed a death yak
 13266 | Lair:2   | Killed a death yak
 13983 | Lair:3   | Found a staircase to the Shoals.
 13986 | Lair:3   | Noticed a four-headed hydra
 14029 | Lair:3   | Killed a four-headed hydra
 14029 | Lair:3   | Reached skill level 1 in Evocations
 14103 | Lair:3   | Found a staircase to the Snake Pit.
 14190 | Lair:3   | Reached **** piety under Ashenzari
 14206 | Lair:3   | Reached skill level 11 in Unarmed Combat
 14309 | Lair:3   | HP: 4/127 [komodo dragon (26)]
 14561 | Lair:3   | Killed a death yak
 15058 | Lair:3   | Noticed Rupert
 15699 | Lair:4   | Reached XP level 13. HP: 100/134 MP: 14/14
 15716 | Lair:4   | Reached skill level 12 in Unarmed Combat
 16758 | Lair:5   | Learned a level 6 spell: Haste
 17120 | Lair:5   | Reached ***** piety under Ashenzari
 17446 | Lair:6   | Reached skill level 13 in Unarmed Combat
 17916 | Lair:6   | Found a staircase to the Slime Pits.
 18600 | Lair:7   | Reached skill level 5 in Evocations
 18713 | Lair:7   | Noticed Nessos
 18866 | Lair:7   | Reached skill level 14 in Unarmed Combat
 19061 | Lair:7   | Killed Nessos
 19471 | Lair:8   | Entered Level 8 of the Lair of Beasts
 19605 | Lair:8   | Reached XP level 14. HP: 141/144 MP: 17/17
 19821 | Lair:8   | Noticed a dire elephant
 19833 | Lair:8   | Killed a dire elephant
 20097 | Lair:8   | Noticed a dire elephant
 20174 | Lair:8   | HP: 5/146 [dire elephant (29)]
 20177 | Lair:8   | Killed a dire elephant
 20394 | Lair:8   | Reached skill level 15 in Unarmed Combat
 20426 | Lair:8   | Found a burning altar of Makhleb.
 20426 | Lair:8   | Found a gateway to Hell.
 20556 | Lair:8   | Identified a scroll of acquirement
 21155 | Lair:3   | Paralysed by Rupert for 3 turns
 21185 | Lair:3   | Killed Rupert
 21359 | Lair:1   | Killed a seven-headed hydra
 21474 | D:12     | Noticed Erolcha
 21480 | D:12     | Killed Erolcha
 21650 | D:12     | Noticed Snorg
 21662 | D:12     | Killed Snorg
 21703 | D:12     | Found a staircase to the Orcish Mines.
 21961 | D:12     | Noticed Maud
 21978 | D:12     | Killed Maud
 22052 | Orc:1    | Entered Level 1 of the Orcish Mines
 22861 | Orc:1    | Found a roughly hewn altar of Beogh.
 22868 | Orc:1    | Found a burning altar of Makhleb.
 23122 | Orc:3    | Noticed Sonja
 23241 | Orc:3    | Killed Sonja
 23241 | Orc:3    | Reached skill level 1 in Throwing
 23836 | Orc:4    | Entered Level 4 of the Orcish Mines
 23852 | Orc:4    | Found a staircase to the Elven Halls.
 24095 | Orc:4    | Reached skill level 16 in Unarmed Combat
 24212 | Orc:4    | Noticed an orc warlord
 24259 | Orc:4    | Killed an orc warlord
 24259 | Orc:4    | Reached skill level 1 in Armour
 24311 | Orc:4    | Reached XP level 15. HP: 84/157 MP: 18/18
 24463 | Orc:4    | Found a frozen archway.
 24502 | IceCv    | Entered an ice cave
 25779 | Orc:4    | Found Tiewnomn's Book Boutique.
 25779 | Orc:4    | Found Laatih's Book Boutique.
 25780 | Orc:4    | Found Ejasik's General Store.
 25780 | Orc:4    | Found Xyn Ytz's Distillery.
 25796 | Orc:4    | Bought a potion of might for 60 gold pieces
 25796 | Orc:4    | Bought the ring "Inyx" {rN+ MR+ MP+9} for 543 gold pieces
 25798 | Orc:4    | Bought a potion of cancellation for 120 gold pieces
 25798 | Orc:4    | Bought a potion of curing for 45 gold pieces
 25798 | Orc:4    | Bought a potion of flight for 45 gold pieces
 25798 | Orc:4    | Bought a potion of curing for 45 gold pieces
 25798 | Orc:4    | Bought 2 potions of curing for 90 gold pieces
 25798 | Orc:4    | Bought a potion of curing for 45 gold pieces
 25798 | Orc:4    | Bought a potion of haste for 150 gold pieces
 25798 | Orc:4    | Bought a potion of curing for 45 gold pieces
 25960 | D:13     | Noticed Josephine
 25968 | D:13     | Killed Josephine
 25968 | D:13     | Reached skill level 17 in Unarmed Combat
 26225 | D:13     | Found a gate to the Vaults.
 26263 | D:13     | Reached skill level 5 in Throwing
 26504 | D:13     | Reached ****** piety under Ashenzari
 27132 | D:13     | Got the uncursed cloak of Weightlessness {Int+2 Dex+2}
 27144 | D:13     | Identified the +2 cloak of Weightlessness {Int+2 Dex+2} (You found it on level 13 of the Dungeon)
 27519 | D:14     | Reached skill level 5 in Armour
 27579 | D:14     | Reached XP level 16. HP: 165/165 MP: 19/19
 28000 | D:14     | Noticed Roxanne
 28132 | D:14     | Killed Roxanne
 28143 | D:14     | Learned a level 6 spell: Statue Form
 28632 | D:15     | Entered Level 15 of the Dungeon
 28647 | D:14     | Reached skill level 18 in Unarmed Combat
 29258 | D:15     | Found a staircase to the Depths.
 29321 | D:15     | Found Adomnoes's Antique Armour Shoppe.
 29360 | D:15     | Bought a glowing robe for 16 gold pieces
 29615 | Snake:1  | Entered Level 1 of the Snake Pit
 30307 | Snake:1  | Slain by a black mamba

Action                   |  1- 3 |  4- 6 |  7- 9 | 10-12 | 13-15 | 16-18 || total
-------------------------+-------+-------+-------+-------+-------+-------++-------
Melee: Unarmed           |   107 |   152 |   593 |   829 |  1778 |   406 ||  3865
       Giant spiked club |       |       |       |     7 |    11 |       ||    18
Throw: Stone             |     1 |       |    37 |     5 |     2 |       ||    45
       Large rock        |       |       |       |       |    18 |       ||    18
       Throwing net      |       |       |       |       |     4 |       ||     4
 Cast: Stoneskin         |       |       |       |       |     1 |       ||     1
Invok: Scrying           |       |       |       |     6 |     3 |       ||     9
Evoke: Lamp of fire      |       |       |       |     1 |     1 |       ||     2
       Wand              |       |       |       |     3 |       |       ||     3
       Fan of gales      |       |       |       |       |     1 |       ||     1
  Use: Scroll            |       |     5 |    16 |    17 |     8 |     8 ||    54
       Potion            |       |       |       |     2 |     4 |       ||     6
 Stab: Sleeping          |       |     2 |     6 |     7 |     5 |     1 ||    21
       Distracted        |       |       |       |       |     2 |     1 ||     3
       Held in net/web   |       |       |       |       |     1 |       ||     1
  Eat: Chunk             |    13 |    10 |    48 |    81 |   103 |    24 ||   279
       Pizza             |       |       |       |     1 |     2 |       ||     3
       Royal jelly       |       |       |       |     1 |       |       ||     1
       Fruit             |       |       |       |       |     6 |       ||     6
       Beef jerky        |       |       |       |       |     1 |       ||     1
